 Dungeon Crawl Stone Soup version 0.29-a0-876-gfc89b1a5bd (webtiles) character file.

Game seed: 8284151753234567126

1929 jimonade the Covert (level 9, -8/50 (52) HPs)
             Began as a Kobold Brigand on July 19, 2022.
             Was a Believer of Okawaru.
             Mangled by a wyvern (12 damage)
             ... on level 7 of the Dungeon.
             The game lasted 00:11:57 (7689 turns).

jimonade the Covert (Kobold Brigand)                Turns: 7689, Time: 00:11:57

HP:   -8/50 (52)    AC:  6    Str: 15    XL:     9   Next: 40%
MP:   9/9           EV: 16    Int: 13    God:    Okawaru [**....]
Gold: 31            SH:  0    Dex: 20    Spells: 8/8 levels left

rFire   . . .      SeeInvis .   a - +7 dagger (venom)
rCold   . . .      Faith    .   (no shield)
rNeg    . . .      Spirit   .   B - +2 leather armour of Umecsuen {Drain Str+7}
rPois   .          Reflect  .   (no helmet)
rElec   .          Harm     .   c - +0 cloak
rCorr   .          Rampage  .   (no gloves)
Will    .....                   (no boots)
Stlth   ++++++....              y - amulet of the acrobat
HPRegen 0.16/turn               (no ring)
MPRegen 0.11/turn               (no ring)

@: lightly drained
A: small, no large weapons, nightstalker 3
a: Renounce Religion, Heroism


You were on level 7 of the Dungeon.
You worshipped Okawaru.
Okawaru was pleased with you.
You visited 1 branch of the dungeon, and saw 7 of its levels.

You collected 451 gold pieces.
You spent 420 gold pieces at shops.

Inventory:

Hand Weapons
 a - a +7 dagger of venom (weapon)
 b - a +0 sling
 E - a +2 dagger
 H - a +0 quarterstaff
 K - a +0 scimitar
Missiles
 d - 17 poisoned darts (quivered)
 e - 3 curare-tipped darts
 o - 67 stones
Armour
 c - a +0 cloak (worn)
 i - a +0 robe
 k - a +0 ring mail
 n - a +0 leather armour
 A - a +0 chain mail
 B - the +2 leather armour of Umecsuen (worn) {Drain Str+7}
   (You found it on level 4 of the Dungeon)

   Str:       It affects your strength (+7).
   Drain:     It drains your maximum health when unequipped.
 G - a +0 scale mail
Jewellery
 p - a ring of fire
 y - an amulet of the acrobat (around neck)
 F - a +6 ring of dexterity
Wands
 D - a wand of flame (74)
Scrolls
 g - a scroll of torment {unknown}
 j - 3 scrolls of vulnerability {unknown}
 s - 4 scrolls of blinking
 t - 4 scrolls of identify {unknown}
 u - 2 scrolls of brand weapon
 v - 4 scrolls of teleportation
 C - a scroll of noise {unknown}
 J - a scroll of immolation {unknown}
Potions
 f - 3 potions of haste {unknown}
 h - 2 potions of mutation {unknown}
 l - 6 potions of curing {unknown}
 m - a potion of brilliance {unknown}
 q - a potion of attraction {unknown}
 r - a potion of flight {unknown}
 w - 4 potions of might {unknown}
 x - 2 potions of cancellation {unknown}
 z - a potion of ambrosia {unknown}
 I - a potion of degeneration {unknown}


   Skills:
 + Level 4.4 Fighting
 + Level 7.3 Short Blades
 - Level 2.1 Throwing
 + Level 3.1 Armour
 + Level 4.1 Dodging
 * Level 12.7 Stealth


You had 8 spell levels left.
You didn't know any spells.
Your spell library contained the following spells:

 Spells                   Type           Power      Damage    Failure   Level
 Magic Dart               Conj           0%         1d3       36%         1
 Ensorcelled Hibernation  Hex/Ice        0%         N/A       50%         2
 Searing Ray              Conj           0%         2d4       50%         2
 Spider Form              Tmut/Pois      0%         N/A       75%         3
 Anguish                  Hex/Necr       0%         N/A       98%         4
 Fulminant Prism          Conj/Hex       0%         3d6       98%         4
 Passage of Golubria      Tloc           0%         N/A       98%         4
 Silence                  Hex/Air        0%         N/A       100%        5
 Lehudib's Crystal Spear  Conj/Erth      0%         10d2      100%        8


Dungeon Overview and Level Annotations

Branches:
Dungeon (7/15)             Temple (0/1) D:6

Altars:
Hepliaklqana
Kikubaaqudgha
Makhleb
Nemelex Xobeh
Okawaru
Sif Muna

Shops:
D:7 ?

Annotations:
D:5 exclusions: lemure and 1 more exclusion
D:6 exclusions: downstairs, gnoll bouda and 1 more exclusion


Innate Abilities, Weirdness & Mutations

You are small and have problems with some larger weapons.
You are completely attuned to the shadows.


Message History

The wight closely misses you. The orc wizard casts a spell at you.
The puff of flame hits you! The wyvern attacks as you move away!
The wyvern barely misses you.
The orc wizard attacks as you move away!
The orc wizard barely misses you.
You are engulfed in a cloud of scalding steam.
The plant is engulfed in a cloud of scalding steam.
The plant begins to die.
The wyvern is engulfed in a cloud of scalding steam.
The wyvern completely misses you.
The wight is engulfed in a cloud of scalding steam.
The wight hits the plant with a +1 hand axe of freezing!
The wight freezes the plant.
The orc wizard is engulfed in a cloud of scalding steam.
The wyvern completely misses you.
The wyvern bites the plant!
You hear a splash. x2
The orc wizard is engulfed in a cloud of scalding steam.
The orc wizard dies!
You hear a splash. x2; You hear a splashing noise.
Something completely misses the plant.
A nearby plant withers and dies. x2; The wyvern bites you.
* * * LOW HITPOINT WARNING * * *
The wyvern attacks as you move away! The wyvern closely misses you.
The wyvern attacks as you move away! The wyvern completely misses you. x2
You are too injured to fight recklessly!
You are too injured to fight recklessly!
You are too injured to fight recklessly!
You are too injured to fight recklessly!
You are too injured to fight recklessly!
You are too injured to fight recklessly!
You hit the wyvern.
The wyvern is poisoned.
The wyvern is lightly wounded.
The wyvern bites you!
* * * LOW HITPOINT WARNING * * *
You hit the wyvern.
The wyvern looks as sick as possible!
The wyvern is moderately wounded.
The wyvern bites you!
You die...

.♣ ♣..........†♣
.♣#♣.♣♣♣♣♣♣♣♣♣.♣
♣.#♣.♣ .♣ #≈♣
♣.#♣.♣ .♣ #≈♣♣♣♣ .
♣.#♣.♣ .♣ #≈♣♣)♣#
.. ♣.#♣.♣
♣♣♣#≈.o≈≈#..#
.....♣
♣....≈.).o...
♣.#♣.♣
♣l♣#♣♣♣≈♣#..#
♣.#♣.♣ ♣@♣ P≈♣♣ .#
♣.#♣.♣ ♣.♣ ♣≈P #
♣.#♣.♣ ♣.♣ ≈♣♣
.♣#♣.♣♣♣♣♣♣♣♣♣♣♣.♣
.♣ ♣.............♣
♣♣ ♣♣♣♣♣♣♣.♣♣♣♣♣♣♣
### #####.# ..#
....♣.♣.. #.#
≈≈≈≈≈≈≈≈≈≈


You could see a wyvern (extremely poisoned).

Vanquished Creatures
  Grinder (D:5)
  A steam dragon (D:7)
  An ice beast (D:7)
  2 orc warriors (D:7)
  A black bear (D:5)
  A lemure (D:5)
  A phantom (D:7)
  5 bullfrogs
  A scorpion (D:6)
  A necrophage (D:7)
  4 wights
  A howler monkey (D:4)
  A hound (D:4)
  A gnoll bouda (D:7)
  4 orc priests
  An orc wizard (D:5)
  Ijyb (D:5)
  4 iguanas
  3 adders
  3 gnolls (D:6)
  A shadow imp (D:7)
  A white imp (D:7)
  6 dart slugs
  A worm (D:2)
  14 orcs
  5 bats
  6 endoplasms
  A giant cockroach (D:3)
  5 goblins
  3 hobgoblins
  4 jackals (D:3)
  3 quokkas
  5 ball pythons
  A frilled lizard (D:2)
  A kobold (D:2)
95 creatures vanquished.

Vanquished Creatures (others)
  A wight (D:7)
  An orc wizard (D:7)
  2 plants (D:7)
4 creatures vanquished.

Grand Total: 99 creatures vanquished

Notes
Turn   | Place    | Note
-------+----------+-------------------------------------------
     0 | D:1      | jimonade the Kobold Brigand began the quest for the Orb.
     0 | D:1      | Reached XP level 1. HP: 12/12 MP: 1/1
   259 | D:1      | Reached XP level 2. HP: 17/17 MP: 2/2
   260 | D:1      | Reached skill level 6 in Stealth
   318 | D:1      | Found a faded altar of an unknown god.
  1117 | D:2      | Reached XP level 3. HP: 21/21 MP: 3/3
  1945 | D:3      | Reached XP level 4. HP: 27/27 MP: 4/4
  2172 | D:3      | Reached skill level 7 in Stealth
  2458 | D:3      | Found an iron altar of Okawaru.
  2649 | D:3      | Found an ancient bone altar of Kikubaaqudgha.
  2695 | D:3      | Became a worshipper of Warmaster Okawaru
  2726 | D:4      | Identified the +2 leather armour of Umecsuen {Drain Str+7}
  2814 | D:4      | Reached XP level 5. HP: 26/31 MP: 5/5
  3498 | D:4      | Reached skill level 8 in Stealth
  3817 | D:5      | Entered Level 5 of the Dungeon
  3851 | D:5      | Noticed Ijyb
  3854 | D:5      | Killed Ijyb
  3855 | D:5      | Reached XP level 6. HP: 36/36 MP: 6/6
  3904 | D:5      | Noticed Grinder
  3907 | D:5      | Killed Grinder
  3907 | D:5      | Reached * piety under Okawaru
  3908 | D:5      | Reached skill level 5 in Short Blades
  3908 | D:5      | Reached skill level 1 in Armour
  3908 | D:5      | Reached XP level 7. HP: 40/40 MP: 7/7
  4351 | D:5      | Reached skill level 9 in Stealth
  5307 | D:5      | Found a hazy altar of Hepliaklqana.
  5312 | D:5      | Found a faded altar of an unknown god.
  5314 | D:5      | Found a shimmering blue altar of Sif Muna.
  5315 | D:5      | Found a sparkling altar of Nemelex Xobeh.
  5320 | D:5      | Found a faded altar of an unknown god.
  5944 | D:6      | Found a staircase to the Ecumenical Temple.
  6103 | D:6      | Reached XP level 8. HP: 44/46 MP: 8/8
  6845 | D:6      | Reached skill level 10 in Stealth
  7052 | D:7      | Found Gofirer's Magic Scroll Boutique.
  7054 | D:7      | Reached ** piety under Okawaru
  7058 | D:7      | Bought a scroll of teleportation for 36 gold pieces
  7058 | D:7      | Bought a scroll of brand weapon for 114 gold pieces
  7058 | D:7      | Bought a scroll of blinking for 90 gold pieces
  7058 | D:7      | Bought a scroll of enchant weapon for 90 gold pieces
  7058 | D:7      | Bought a scroll of enchant weapon for 90 gold pieces
  7207 | D:7      | Reached skill level 11 in Stealth
  7266 | D:7      | Reached XP level 9. HP: 34/52 MP: 9/9
  7373 | D:7      | Found a burning altar of Makhleb.
  7456 | D:7      | Reached skill level 12 in Stealth
  7689 | D:7      | Mangled by a wyvern

Illustrated notes

Levels and vault maps discovered:
D:1:      evilmike_arrival_rings, layout_loops_ring,
          ebering_ecumenical_altar_webs
D:2:      layout_loops_ring
D:3:      layout_rooms, lemuel_tele_altar, okawaru_metal_pillars_1_2
D:4:      layout_cave_pods, minmay_misc_feat_doors
D:5:      layout_loops_ring, chequers_temple_overflow_minitemple, uniq_grinder,
          uniq_pikel, uniq_ijyb
D:6:      layout_gridville, minmay_temple_entry_arrows
D:7:      nzn_winding_woodlands_cross
          [nzn_winding_woodlands_5x15_river_crossing,
          nzn_winding_woodlands_5x15_eye,
          nzn_winding_woodlands_5x15_lazy_stream,
          nzn_winding_woodlands_5x15_parted,
          nzn_winding_woodlands_15x15_boxy_spiral], layout_rooms,
          bloody_makhleb, kennysheep_mini_moat, serial_shops, shop,
          minmay_shop_damaged, nicolae_shop_self_help, uniq_duvessa

Skill      XL: |  1  2  3  4  5  6  7  8  9 |
---------------+----------------------------+-----
Stealth        | 6 7 8 9 11 12 | 12.7
Short Blades   | 3 4 5 6 7 |  7.3
Armour         | 1 2 3 |  3.1
Dodging        | 2 3 4 |  4.1
Fighting       | 3 4 |  4.4
Throwing       | |  2.1

Action                   |  1- 3 |  4- 6 |  7- 9 || total
-------------------------+-------+-------+-------++-------
Melee: Dagger            |    55 |   120 |   167 ||   342
       Punch             |     1 |     2 |     1 ||     4
  Use: Scroll            |       |       |     5 ||     5
 Stab: Sleeping          |    20 |     5 |    22 ||    47
Armor: Robe              |     9 |     8 |       ||    17
       Leather armour    |       |     2 |    13 ||    15
Dodge: Dodged            |    19 |    89 |    89 ||   197

Table legend: (Time is in decaauts)
 A = Elapsed time spent in this place.
 B = Non-inter-level travel time spent in this place.
 C = Inter-level travel time spent in this place.
 D = Time resting spent in this place.
 E = Time spent auto-exploring this place.
 F = Levels seen in this place.
 G = Mean time per level.
                   A        B        C        D        E       F      G
               +--------+--------+--------+--------+--------+-----+--------+
         Total |   7610 |   7336 |    274 |   1144 |   4939 |   7 | 1087.1 |
       Dungeon |   7610 |   7336 |    274 |   1144 |   4939 |   7 | 1087.1 |
               +--------+--------+--------+--------+--------+-----+--------+

Top non-repeatable levels by time:
     D:5: 2091 daAuts
     D:6: 1080 daAuts
     D:1: 1079 daAuts
     D:4: 1054 daAuts
     D:3: 968 daAuts
     D:2: 682 daAuts
     D:7: 654 daAuts
